 Dungeon Crawl Stone Soup version 0.28.0-53-g5a82cb258f (webtiles) character file.

Game seed: 11516164659710781978

28 quixfox the Skirmisher (level 3, -4/33 HPs)
             Began as a Hill Orc Fighter on July 15, 2022.
             Slain by a gnoll
             ... wielding a +2 spear of freezing
              (9 damage)
             ... on level 1 of the Dungeon.
             The game lasted 00:02:20 (654 turns).

quixfox the Skirmisher (Hill Orc Fighter)            Turns: 654, Time: 00:02:21

Health: -4/33      AC:  6    Str: 20    XL:     3   Next: 12%
Magic:  3/3        EV:  9    Int:  8    God:
Gold:   18         SH:  4    Dex: 10    Spells: 2/2 levels left

rFire   . . .      SeeInvis .   h - +2 hand axe (venom)
rCold   . . .      Faith    .   c - +0 buckler
rNeg    . . .      Spirit   .   b - +0 scale mail
rPois   .          Reflect  .   (no helmet)
rElec   .          Harm     .   (no cloak)
rCorr   .          Rampage  .   (no gloves)
Will    .....                   (no boots)
Stlth   ..........              (no amulet)
HPRegen 0.11/turn               (no ring)
MPRegen 0.08/turn               (no ring)

@: mighty
A: no striking features
a: no special abilities


You were on level 1 of the Dungeon.
You visited 1 branch of the dungeon, and saw 1 of its levels.

You collected 18 gold pieces.

Inventory:

Hand Weapons
 a - a +0 war axe
 h - a +2 hand axe of venom (weapon)
Armour
 b - a +0 scale mail (worn)
 c - a +0 buckler (worn)
Scrolls
 e - a scroll of magic mapping {unknown}
 f - 2 scrolls of vulnerability {unknown}
 i - a scroll of fear {unknown}
Potions
 g - a potion of lignification {unknown}


   Skills:
 + Level 4.0 Fighting
 * Level 3.8 Axes
 + Level 3.6 Armour
 - Level 3.2 Shields


You had 2 spell levels left.
You didn't know any spells.
Your spell library contained the following spells:

 Spells                   Type           Power      Damage    Failure   Level
 Sandblast                Erth           0%         2d4       85%         1
 Passwall                 Tmut/Erth      0%         N/A       94%         2
 Gell's Gravitas          Tloc           0%         N/A       99%         3
 Lesser Beckoning         Tloc           0%         N/A       99%         3
 Stone Arrow              Conj/Erth      0%         3d7       99%         3
 Teleport Other           Tloc           0%         N/A       99%         3


Dungeon Overview and Level Annotations

Branches:
Dungeon (1/15)

Altars:


Message History

You completely miss the ball python. The ball python closely misses you.
You block the ball python's attack.
The gnoll hits you from afar with a +2 spear of freezing.
The gnoll freezes you.
The ball python bites you but does no damage.
The ball python grabs you. The ball python constricts you.
The gnoll hits you from afar with a +2 spear of freezing.
The gnoll freezes you.
You escape the ball python's grasp.
Welcome back, quixfox the Hill Orc Fighter.
Press ? for a list of commands and other information.
You block the ball python's attack. The ball python grabs you.
The ball python constricts you. You block the gnoll's attack.
The ball python bites you but does no damage.
The ball python constricts you.
You escape the ball python's grasp.
You feel very mighty all of a sudden.
The ball python bites you but does no damage.
The ball python barely misses you.
You barely miss the ball python. The ball python barely misses you.
The ball python grabs you. The ball python constricts you.
The gnoll barely misses you.
You completely miss the ball python. The ball python closely misses you.
The ball python constricts you.
The gnoll hits you from afar with a +2 spear of freezing.
The gnoll freezes you.
The dart slug briefly extends its eye-stalks.
You slash the ball python!
You kill the ball python!
The gnoll barely misses you. You block the gnoll's attack.
You closely miss the gnoll.
The gnoll hits you with a +2 spear of freezing!
* * * LOW HITPOINT WARNING * * *
The gnoll freezes you.
* * * LOW HITPOINT WARNING * * *
You slash the gnoll!
The gnoll is poisoned.
The gnoll is heavily wounded.
The gnoll hits you with a +2 spear of freezing!
You die...

############ #####
#wg@........ .....
#.###........ ##### #.#
........####### ########.##
...............
#........w##...............
#..........w...............
#..........#...$........[..
######.....#...............
#.....# ......####.##


You could see a gnoll (very poisoned) and a dart slug.

Vanquished Creatures
  An endoplasm (D:1)
  4 goblins (D:1)
  A hobgoblin (D:1)
  3 quokkas (D:1)
  5 ball pythons (D:1)
  6 bats (D:1)
  2 frilled lizards (D:1)
  4 rats (D:1)
26 creatures vanquished.

Notes
Turn   | Place    | Note
-------+----------+-------------------------------------------
     0 | D:1      | quixfox the Hill Orc Fighter began the quest for the Orb.
     0 | D:1      | Reached XP level 1. HP: 19/19 MP: 1/1
   315 | D:1      | Reached XP level 2. HP: 27/27 MP: 2/2
   580 | D:1      | Reached skill level 4 in Fighting
   584 | D:1      | Reached XP level 3. HP: 32/33 MP: 3/3
   654 | D:1      | Slain by a gnoll

Illustrated notes

Levels and vault maps discovered:
D:1:      elethiomel_arrival_quiet, layout_basic, chequers_garden,
          minmay_rat_gold_closets

Skill      XL: |  1  2 |
---------------+-------+-----
Axes           | 3 |  3.8
Fighting       | 4 |  4.0
Armour         | |  3.6
Shields        | |  3.2

Action                   || total
-------------------------++-------
Melee: War axe           ||    73
       Hand axe          ||    15
  Use: Potion            ||     1
Armor: Scale mail        ||    40
Dodge: Dodged            ||    56
Block: Buckler           ||    22
